 Dungeon Crawl Stone Soup version 0.27-a0-341-g40fdf68bc5 (webtiles) character file.

Game seed: 9542400975515069084

39 Chiseanne the Skirmisher (level 3, 0/30 HPs)
             Began as a Demonspawn Wanderer on Feb 14, 2021.
             Killed from afar by Natasha (8 damage)
             ... with a magic dart
             ... on level 2 of the Dungeon.
             The game lasted 00:02:28 (839 turns).

Chiseanne the Skirmisher (Demonspawn Wanderer)       Turns: 839, Time: 00:02:29

Health: 0/30       AC:  3    Str: 12    XL:     3   Next: 28%
Magic:  7/7        EV: 11    Int: 11    God:
Gold:   75         SH:  0    Dex: 15    Spells: 8/8 levels left

rFire    . . .     SeeInvis .   a - +2 mace
rCold    . . .     Faith    .   (no shield)
rNeg     . . .     Spirit   .   d - +1 robe
rPois    .         Reflect  .   (no helmet)
rElec    .         Harm     +   c - scarf {harm}
rCorr    .         Rampage  .   (no gloves)
Will     .....                  (no boots)
Stlth    +.........             (no amulet)
HPRegen  0.10/turn              (no ring)
MPRegen  0.10/turn              (no ring)

@: no status effects
A: spiny 1, demonic magic 1
a: no special abilities


You were on level 2 of the Dungeon.
You visited 1 branch of the dungeon, and saw 3 of its levels.

You collected 75 gold pieces.

Inventory:

Hand Weapons
 a - a +2 mace (weapon)
 h - a +0 battleaxe
Missiles
 b - 21 stones (quivered)
 g - 3 boomerangs
Armour
 c - a scarf of harm (worn)
 d - a +1 robe (worn)
Scrolls
 f - a scroll of noise {unknown}
Potions
 e - a potion of mutation {unknown}
 i - a potion of haste {unknown}
 j - a potion of magic {unknown}
 k - a potion of flight {unknown}
 l - a potion of berserk rage {unknown}
 m - a potion of attraction {unknown}


   Skills:
 * Level 3.8 Fighting
 - Level 1.0 Maces & Flails
 - Level 1.0 Throwing
 - Level 1.0 Shields
 - Level 3.0 Spellcasting
 - Level 2.1 Necromancy


You had 8 spell levels left.
You didn't know any spells.
Your spell library contained the following spells:

 Spells                   Type           Power        Failure   Level
 Sandblast                Erth           2%           26%         1
 Shock                    Conj/Air       4%           26%         1
 Static Discharge         Conj/Air       1%           61%         3
 Stone Arrow              Conj/Erth      2%           61%         3


Dungeon Overview and Level Annotations

Branches:
Dungeon (3/15)

Altars:

Annotations:
D:2 Natasha, Sigmund


Innate Abilities, Weirdness & Mutations

You are partially covered in sharp spines.
Spells you cast may paralyse adjacent enemies.


Message History

You barely miss the adder. The adder is struck by your spines.
The adder misses you. x2
You closely miss the adder.
The adder is lightly wounded.
The adder barely misses you. The adder is struck by your spines.
The adder closely misses you.
You closely miss the adder.
The adder is lightly wounded.
The adder bites you. The adder bites you but does no damage.
You miss the adder.
The adder is lightly wounded.
The adder bites you but does no damage.
You barely miss the adder.
The adder is lightly wounded.
The adder closely misses you. The adder is struck by your spines.
The adder closely misses you.
You hit the adder.
The adder is almost dead.
The adder bites you but does no damage. The adder misses you.
You barely miss the adder.
The adder is almost dead.
The adder bites you.
You hit the adder.
You kill the adder!
An adder comes into view.
Natasha, Servant of Life and Death comes into view.
She is carrying a wand of flame (17).
Natasha hisses angrily.
Natasha casts a spell at you. The magic dart hits you.
Natasha stares at you and mumbles some strange words.
You resist with significant effort.
Natasha zaps a wand.
The puff of flame hits you.
You see here a glowing green potion.
Natasha is struck by your spines. Natasha claws you but does no damage.
Natasha casts a spell at you. The magic dart hits you.
* * * LOW HITPOINT WARNING * * *
Natasha casts a spell at you. The magic dart hits you!
You die...

*, *, *####* ****, *,...#* *,,,,
*,*#..##############.###
***,**#....h.!.......#....
**,≈,≈,###.....S......#####
*,,≈,≈,,#.................†
*******,≈≈,≈≈,#.@...............#
,,,,,,*,≈,,,≈,#^.............##.#
,,,,*,**,,_,,*#...###....<.#..#.#
,,,,*,,******#.####*#.###.....#..
,,,,***,*****#.*,,,...........###
,,,,* *,**,*,#.**,*..,###......,.
,,,,* *,**,,,#,,,,,,,,**##..#####
,,,,* *,,,,,****,,,**,,,,,,......
,,,,* *,,,,,* *,,,,,******,#.###.


You could see Natasha and an adder (wandering).

Vanquished Creatures
  An adder (D:2)
  3 leopard geckos
  2 ball pythons (D:2)
  A giant cockroach (D:1)
  3 hobgoblins
  4 jackals (D:1)
  3 bats (D:2)
  A frilled lizard (D:2)
  4 kobolds (D:1)
  4 rats
26 creatures vanquished.

Notes
Turn   | Place    | Note
-------+----------+-------------------------------------------
     0 | D:1      | Chiseanne the Demonspawn Wanderer began the quest for the
                  | Orb.
     0 | D:1      | Chiseanne set off with the following items: a +2 mace, a +0
                  | robe; and the following spells available to memorise:
                  | Sandblast, Shock, Static Discharge, Stone Arrow
     0 | D:1      | Reached XP level 1. HP: 16/16 MP: 4/4
   328 | D:2      | Gained mutation: You are partially covered in sharp spines.
                  | [demonic ancestry]
   328 | D:2      | Reached XP level 2. HP: 23/23 MP: 6/6
   339 | D:2      | Noticed Sigmund
   798 | D:2      | Gained mutation: Spells you cast may paralyse adjacent
                  | enemies. [demonic ancestry]
   798 | D:2      | Reached XP level 3. HP: 28/29 MP: 7/7
   832 | D:2      | Noticed Natasha
   839 | D:2      | Killed from afar by Natasha

Illustrated notes

Levels and vault maps discovered:
D:1:      grunt_arrival_crossed_arrows, layout_basic
D:2:      layout_basic, grunt_ministairs_15, hangedman_decor_clover_reticule,
          trog_hazing_becter, uniq_crazy_yiuf_cottage, uniq_sigmund,
          uniq_natasha
D:3:      layout_rooms, ebering_ghost_sewer_f

Skill      XL: |  1  2 |
---------------+-------+-----
Fighting       | 3 |  3.8
Maces & Flails | |  1.0
Throwing       | |  1.0
Shields        | |  1.0
Spellcasting   | |  3.0
Necromancy     | |  2.1

Action                   || total
-------------------------++-------
Melee: Mace              ||    45
  Use: Scroll            ||     3
Armor: Robe              ||    12
Dodge: Dodged            ||    31

Table legend: (Time is in decaauts)
 A = Elapsed time spent in this place.
 B = Non-inter-level travel time spent in this place.
 C = Inter-level travel time spent in this place.
 D = Time resting spent in this place.
 E = Time spent auto-exploring this place.
 F = Levels seen in this place.
 G = Mean time per level.
                   A        B        C        D        E       F      G
               +--------+--------+--------+--------+--------+-----+--------+
         Total |    856 |    856 |      0 |    370 |    106 |   3 |  285.3 |
       Dungeon |    856 |    856 |      0 |    370 |    106 |   3 |  285.3 |
               +--------+--------+--------+--------+--------+-----+--------+

Top non-repeatable levels by time:
     D:1: 652 daAuts
     D:2: 198 daAuts
     D:3: 4 daAuts
